 Dungeon Crawl Stone Soup version 0.30.1-11-g7821555f0a (webtiles) character file.

Game seed: 12836946609486486010

1551 Valnes the Carver (level 8, 0/71 HPs)
             Began as a Minotaur Berserker on Oct 31, 2023.
             Was a Priest of Trog.
             Slain by an ice beast (13 damage)
             ... on level 6 of the Dungeon.
             The game lasted 00:15:53 (4972 turns).

Valnes the Carver (Minotaur Berserker)              Turns: 4972, Time: 00:15:54

Health: 0/71       AC:  7    Str: 24    XL:     8   Next: 57%
Magic:  9/16       EV: 11    Int:  4    God:    Trog [***...]
Gold:   202        SH:  0    Dex: 10    Spells: 7/7 levels left

rFire   . . .        j - +0 triple sword
rCold   . . .        (shield currently unavailable)
rNeg    . . .        h - +0 scale mail
rPois   +            (helmet restricted)
rElec   .            (no cloak)
rCorr   .            (no gloves)
SInv    .            (no boots)
Will    .....        (no amulet) Stlth
                     C - ring of poison resistance
HPRegen 0.31/turn    F - ring of magical power
MPRegen 0.15/turn

%: no passive effects
@: no status effects
A: horns 2, retaliatory headbutt
a: Renounce Religion, Berserk, Trog's Hand


You were on level 6 of the Dungeon.
You worshipped Trog.
Trog was most pleased with you.
You visited 2 branches of the dungeon, and saw 7 of its levels.

You collected 202 gold pieces.

Inventory:

Hand Weapons
 a - a +0 mace
 j - a +0 triple sword (weapon)
 o - a +0 scythe
 s - a +4 quarterstaff of chaos
 u - a +0 hammer
 y - a +2 heavy hand axe
 E - a +4 whip of flaming
Armour
 b - a +0 animal skin
 h - a +0 scale mail (worn)
 t - a +0 cloak
 z - a +0 leather armour
Jewellery
 C - a ring of poison resistance (left hand)
 F - a ring of magical power (right hand)
Scrolls
 d - a scroll of summoning {unknown}
 e - a scroll of fear
 f - 4 scrolls of teleportation {unknown}
 g - a scroll of noise {unknown}
 l - a scroll of vulnerability {unknown}
 m - 2 scrolls of poison {unknown}
 n - a scroll of enchant weapon {unknown}
 p - a scroll of magic mapping {unknown}
 q - 4 scrolls of identify {unknown}
 w - a scroll of brand weapon {unknown}
 D - a scroll of immolation {unknown}
Potions
 c - a potion of haste {unknown}
 i - 2 potions of heal wounds {unknown}
 k - a potion of resistance {unknown}
 r - 2 potions of berserk rage {unknown}
 v - a potion of might {unknown}
 x - a potion of flight {unknown}
 A - 3 potions of curing {unknown}
 B - a potion of attraction {unknown}


   Skills:
 * Level 6.7 Fighting
 * Level 8.0 Long Blades
 - Level 4.8 Maces & Flails
 * Level 1.4 Polearms
 * Level 7.1 Armour
 + Level 3.2 Dodging
 + Level 0.5 Stealth


You had 7 spell levels left.
You didn't know any spells.
Your spell library contained the following spells:

 Spells                   Type           Power      Damage    Failure   Level
 Beastly Appendage        Tmut           0%         N/A       77%         1
 Sublimation of Blood     Necr           0%         N/A       88%         2
 Wereblood                Tmut           0%         N/A       88%         2
 Gell's Gravitas          Tloc           0%         N/A       98%         3
 Portal Projectile        Hex/Tloc       0%         N/A       98%         3
 Spider Form              Tmut/Pois      0%         N/A       98%         3
 Teleport Other           Tloc           0%         N/A       98%         3
 Tukima's Dance           Hex            0%         N/A       98%         3
 Petrify                  Tmut/Erth      0%         N/A       100%        4
 Blade Hands              Tmut           0%         N/A       100%        5
 Irradiate                Conj/Tmut      0%         3d11      100%        5
 Dispersal                Tloc           0%         N/A       100%        6


Dungeon Overview and Level Annotations

Branches:
Dungeon (6/15)             Temple (1/1) D:4

Altars:
Ashenzari
Dithmenos
Elyvilon
Gozag
Kikubaaqudgha
Sif Muna
Trog
Zin
The Shining One


Innate Abilities, Weirdness & Mutations

You have a pair of horns on your head.
You reflexively headbutt those who attack you in melee.


Message History

The centaur misses you.
The centaur kicks you but does no damage.
The centaur misses you. You furiously retaliate!
You headbutt the centaur.
The centaur kicks you but does no damage.
You barely miss the centaur. You headbutt the centaur.
You kill the centaur!
Trog accepts your kill.
You hear a splash. x2
Your Long Blades skill increases to level 8!
You enter the shallow water.
Moving in this stuff is going to be slow.
An orc wizard and an ice beast come into view.
The orc wizard is wielding a +0 dagger and wearing a +2 robe of willpower.
The orc wizard shouts!
You hear a shout!
You hear an angry hiss.
You hear a shout! x2
Items here: )))) = ? [[ ††.
You feel your magic capacity increase.
F - a ring of magical power (right hand)
Okay, then.
Found a trident.
Found a chain mail.
You see here a +0 trident.
The ice beast hits you but does no damage.
You closely miss the ice beast. Your headbutt misses the ice beast.
The ice beast misses you.
You hit the ice beast but do no damage. You headbutt the ice beast!
The ice beast is moderately wounded.
The ice beast hits you. The ice beast freezes you!
* * * LOW HITPOINT WARNING * * *
You hit the ice beast but do no damage. Your headbutt misses the ice beast.
The ice beast is moderately wounded.
The ice beast barely misses you. You furiously retaliate!
You headbutt the ice beast! The ice beast closely misses you.
You furiously retaliate!
You headbutt the ice beast. You barely miss the ice beast.
Your headbutt misses the ice beast.
The ice beast is severely wounded.
The ice beast hits you.
* * * LOW HITPOINT WARNING * * *
The ice beast freezes you!
You die...

#.....###.o.###. .#
#.[ #..)# #...# .#
#..# #.#.# #.#.###.#
#...##...###...##..#
#...........†.....#
##...#.##.###.###.#
##...o...# #.....#
##.#Y####
#####.#####
#..@##########.....#
##.)................
#.###############.#
#. ###... #. #.....
#. #.#... ## #.##.#
# #.. ###


You could see an ice beast and an orc wizard.

Vanquished Creatures
  Grinder (D:5)
  Sigmund (D:2)
  A sky beast (D:6)
  2 black bears
  An ogre (D:6)
  A centaur (D:6)
  A phantom (D:4)
  2 bullfrogs (D:6)
  A scorpion (D:6)
  A wight (D:6)
  A hound (D:6)
  A jelly (D:5)
  Crazy Yiuf (D:3)
  An orc priest (D:5)
  2 sleepcaps (D:6)
  3 iguanas
  2 orc wizards (D:5)
  5 adders
  A gnoll (D:1)
  2 ufetubi
  2 worms
  A dart slug (D:1)
  9 orcs
  3 ball pythons
  6 bats
  5 endoplasms
  5 giant cockroaches
  4 goblins
  9 hobgoblins
  4 kobolds
  7 quokkas
  3 frilled lizards (D:1)
  4 rats
93 creatures vanquished.

Notes
Turn   | Place    | Note
-------+----------+-------------------------------------------
     0 | D:1      | Valnes the Minotaur Berserker began the quest for the Orb.
     0 | D:1      | Reached XP level 1. HP: 19/19 MP: 0/0
   330 | D:1      | Reached XP level 2. HP: 20/27 MP: 1/1
   890 | D:1      | Reached XP level 3. HP: 33/33 MP: 2/2
  1663 | D:2      | Noticed Sigmund
  1681 | D:2      | Killed Sigmund
  1682 | D:2      | Reached skill level 5 in Fighting
  1682 | D:2      | Reached skill level 2 in Long Blades
  1682 | D:2      | Reached XP level 4. HP: 29/42 MP: 3/3
  1682 | D:2      | Reached XP level 5. HP: 34/48 MP: 4/4
  1860 | D:2      | Reached ** piety under Trog
  1978 | D:2      | Found a shimmering blue altar of Sif Muna.
  2410 | D:3      | Reached skill level 3 in Long Blades
  2606 | D:3      | Found a runed translucent door.
  2607 | D:3      | Noticed Crazy Yiuf
  2613 | D:3      | Killed Crazy Yiuf
  2888 | D:3      | Found a glowing silver altar of Zin.
  3012 | D:3      | Reached XP level 6. HP: 55/56 MP: 5/5
  3230 | D:4      | Found a white marble altar of Elyvilon.
  3247 | D:4      | Reached skill level 4 in Long Blades
  3333 | D:4      | Found a staircase to the Ecumenical Temple.
  3358 | Temple   | Entered the Ecumenical Temple
  3865 | D:4      | Reached skill level 5 in Armour
  4069 | D:5      | Entered Level 5 of the Dungeon
  4077 | D:5      | Noticed Grinder
  4081 | D:5      | Paralysed by Grinder for 3 turns
  4085 | D:5      | Killed Grinder
  4086 | D:5      | Reached skill level 5 in Long Blades
  4086 | D:5      | Reached XP level 7. HP: 50/61 MP: 6/6
  4292 | D:5      | Reached skill level 6 in Long Blades
  4706 | D:5      | Found a broken altar of Ashenzari.
  4812 | D:6      | Reached XP level 8. HP: 56/70 MP: 7/7
  4863 | D:6      | Reached *** piety under Trog
  4935 | D:6      | Reached skill level 7 in Long Blades
  4946 | D:6      | Reached skill level 1 in Polearms
  4956 | D:6      | Reached skill level 8 in Long Blades
  4972 | D:6      | Slain by an ice beast

Illustrated notes

Levels and vault maps discovered:
D:1:      dpeg_arrival_simpleton_c, layout_basic,
          hangedman_decor_clover_reticule, minmay_pentomino_v4
D:2:      layout_basic, basic_altar, uniq_sigmund
D:3:      layout_basic, zin_scriptorium, uniq_crazy_yiuf_cottage
D:4:      layout_loops_cross, elyvilon_altar_3, minmay_temple_entry_slanted,
          minmay_misc_feat_x
D:5:      layout_rooms, mainiacjoe_overflow_cross_hatched, uniq_grinder
D:6:      layout_loops_ring, mainiacjoe_overflow_alcove_1, enter_ossuary_3,
          minmay_starry_boxes, uniq_prince_ribbit1
Temple:   nicolae_temple_bog_church

Skill      XL: |  1  2  3  4  5  6  7  8 |
---------------+-------------------------+-----
Maces & Flails | 4 |  4.8
Fighting       | 4 5 6 |  6.7
Long Blades    | 2 3 5 6 8 |  8.0
Armour         | 3 4 5 6 7 |  7.1
Dodging        | 3 |  3.2
Polearms       | 1 |  1.4
Stealth        | |  0.5

Action                     |  1- 3 |  4- 6 |  7- 9 || total
---------------------------+-------+-------+-------++-------
  Melee: Mace              |    23 |       |       ||    23
         Headbutt          |     6 |     9 |    17 ||    32
         Triple sword      |    24 |    80 |    46 ||   150
         Whip              |       |       |    14 ||    14
         Quarterstaff      |       |       |    14 ||    14
 Invoke: Trog's Hand       |       |     1 |       ||     1
         Berserk           |       |       |     1 ||     1
    Use: Scroll            |       |       |     1 ||     1
 Armour: Animal skin       |     3 |       |       ||     3
         Scale mail        |    13 |    54 |    33 ||   100
  Dodge: Dodged            |    36 |    78 |    58 ||   172
